General information
- name: BNet
- type: Ladder team game (AT/RT)
- host: Battle.net
- saver: afkchamp
map: MarketSquare
- players: 8
- length: 26:00
- speed: Fast
- version: 1.26 W3XP
- replay type: Public
» download(151 KB)
Players
team 1 (winner)
xtiger (
blue | 31 APM | 776 actions | 24:53)
7 Demon Hunter
3 Mana Burn
3 Evasion
1 Metamorphosis
» actions
| Assign group hotkey | 29 | |
| Basic commands | 28 | |
| Build / train | 58 | |
| Enter build submenu | 13 | |
| Enter hero's abilities submenu | 7 | |
| Give item / drop item | 1 | |
| Remove unit from queue | 2 | |
| Right click | 375 | |
| Select / deselect | 145 | |
| Select group hotkey | 73 | |
| Use ability | 45 | |
776 total
» units
» upgrades
| Strength of the Wild | 3 | |
| Reinforced Hides | 3 | |
| Corrosive Breath | 1 | |
| Ultravision | 1 | |
8 total
» buildings
| Altar of Elders | 1 | |
| Moon Well | 10 | |
| Ancient of War | 1 | |
| Tree of Ages | 1 | |
| Tree of Life | 1 | |
| Hunter's Hall | 2 | |
| Ancient of Wonders | 1 | |
| Tree of Eternity | 1 | |
| Ancient of Wind | 1 | |
| Chimaera Roost | 3 | |
22 total
» build order
00:19 Altar of Elders
00:33 Moon Well
01:05 Ancient of War
01:36 Moon Well
02:55 Tree of Ages
03:56 Tree of Life
04:36 Hunter's Hall
04:40 Ancient of Wonders
05:22 Tree of Eternity
05:24 Ancient of Wind
05:35 Hunter's Hall
07:49 Chimaera Roost
07:50 Chimaera Roost
07:51 Chimaera Roost
08:12 Moon Well
08:13 Moon Well
08:14 Moon Well
08:16 Moon Well
08:17 Moon Well
12:39 Moon Well
12:40 Moon Well
12:41 Moon Well
» items
| Boots of Speed | 1 | |
| Circlet of Nobility | 1 | |
| Potion of Lesser Invulnerability | 1 | |
| Staff of Teleportation | 1 | |
| Scroll of Town Portal | 3 | |
| Orb of Venom | 1 | |
| Potion of Healing | 1 | |
9 total
togawa (
red | 54 APM | 981 actions | 18:02)
4 Paladin
1 Divine Shield
1 Holy Light
2 Devotion Aura
» actions
| Assign group hotkey | 59 | |
| Basic commands | 2 | |
| Build / train | 89 | |
| Enter build submenu | 9 | |
| Enter hero's abilities submenu | 4 | |
| Right click | 408 | |
| Select / deselect | 170 | |
| Select group hotkey | 212 | |
| Use ability | 28 | |
981 total
» units
| Peasant | 30 | |
| Footman | 6 | |
| Rifleman | 32 | |
| Mortar Team | 8 | |
76 total
» upgrades
| Gunpowder | 2 | |
| Armor | 2 | |
| Lumber Harvesting | 1 | |
| Flare | 1 | |
6 total
» buildings
| Altar of Kings | 1 | |
| Farm | 8 | |
| Barracks | 1 | |
| Lumber Mill | 1 | |
| Blacksmith | 1 | |
| Town Hall | 2 | |
| Keep | 1 | |
| Workshop | 1 | |
| Castle | 1 | |
17 total
» build order
00:23 Altar of Kings
00:47 Farm
00:52 Barracks
01:01 Farm
01:03 Farm
01:05 Farm
01:07 Farm
01:09 Farm
01:10 Farm
01:13 Farm
01:21 Lumber Mill
03:52 Blacksmith
05:05 Town Hall
06:01 Keep
09:06 Workshop
09:24 Town Hall
13:27 Castle
afkchamp (
pink | 87 APM | 2252 actions | 26:00)
7 Blood Mage
3 Flame Strike
3 Banish
1 Summon Phoenix
» actions
| Assign group hotkey | 91 | |
| Basic commands | 214 | |
| Build / train | 98 | |
| ESC pressed | 1 | |
| Enter build submenu | 28 | |
| Enter hero's abilities submenu | 7 | |
| Give item / drop item | 4 | |
| Right click | 901 | |
| Select / deselect | 236 | |
| Select group hotkey | 534 | |
| Use ability | 138 | |
2252 total
» units
| Peasant | 16 | |
| Footman | 7 | |
| Gryphon Rider | 6 | |
29 total
» upgrades
| Swords | 3 | |
| Masonry | 3 | |
| Armor | 3 | |
| Lumber Harvesting | 2 | |
| Storm Hammers | 1 | |
| Animal War Training | 1 | |
13 total
» buildings
| Barracks | 1 | |
| Altar of Kings | 1 | |
| Farm | 7 | |
| Blacksmith | 1 | |
| Lumber Mill | 1 | |
| Town Hall | 1 | |
| Keep | 4 | |
| Scout Tower | 11 | |
| Castle | 2 | |
| Gryphon Aviary | 3 | |
| Guard Tower | 7 | |
| Arcane Vault | 1 | |
40 total
» build order
01:01 Barracks
01:03 Altar of Kings
01:05 Farm
01:10 Farm
02:01 Farm
02:06 Farm
02:39 Farm
02:42 Blacksmith
02:45 Lumber Mill
03:01 Farm
04:40 Town Hall
05:25 Keep
07:32 Scout Tower
07:33 Scout Tower
07:34 Scout Tower
07:35 Scout Tower
07:38 Scout Tower
07:50 Castle
07:53 Gryphon Aviary
07:54 Gryphon Aviary
07:58 Gryphon Aviary
08:55 Guard Tower
08:55 Guard Tower
08:56 Guard Tower
09:23 Arcane Vault
09:56 Scout Tower
09:58 Scout Tower
10:02 Scout Tower
10:03 Scout Tower
10:04 Scout Tower
10:05 Scout Tower
11:05 Guard Tower
11:05 Guard Tower
11:05 Guard Tower
12:20 Farm
17:29 Keep
17:30 Keep
» items
| Lesser Clarity Potion | 5 | |
| Scroll of Regeneration | 3 | |
| Periapt of Vitality | 1 | |
| Staff of Teleportation | 1 | |
| Scroll of Town Portal | 4 | |
| Potion of Healing | 3 | |
| Potion of Lesser Invulnerability | 1 | |
18 total
naggersnjuice (
purple | 181 APM | 3601 actions | 19:52)
3 Paladin
2 Holy Light
1 Divine Shield
» actions
| Assign group hotkey | 32 | |
| Basic commands | 63 | |
| Build / train | 79 | |
| Enter build submenu | 25 | |
| Enter hero's abilities submenu | 3 | |
| Remove unit from queue | 2 | |
| Right click | 488 | |
| Select / deselect | 272 | |
| Select group hotkey | 2565 | |
| Use ability | 72 | |
3601 total
» units
| Peasant | 8 | |
| Rifleman | 17 | |
| Dragonhawk Rider | 2 | |
27 total
» upgrades
| Gunpowder | 1 | |
| Armor | 1 | |
| Long Rifles | 1 | |
3 total
» buildings
| Altar of Kings | 1 | |
| Farm | 6 | |
| Blacksmith | 1 | |
| Barracks | 1 | |
| Arcane Vault | 1 | |
| Lumber Mill | 1 | |
| Keep | 4 | |
| Town Hall | 1 | |
| Scout Tower | 4 | |
| Guard Tower | 9 | |
| Workshop | 1 | |
| Arcane Sanctum | 1 | |
| Castle | 2 | |
| Gryphon Aviary | 1 | |
34 total
» build order
00:30 Altar of Kings
00:34 Farm
01:28 Blacksmith
01:32 Barracks
02:17 Farm
02:23 Farm
03:02 Arcane Vault
03:26 Lumber Mill
05:02 Farm
07:20 Farm
07:26 Keep
07:26 Keep
07:26 Keep
08:23 Town Hall
08:31 Scout Tower
08:50 Scout Tower
09:24 Guard Tower
09:25 Guard Tower
09:26 Guard Tower
09:26 Guard Tower
09:44 Farm
10:18 Workshop
10:21 Arcane Sanctum
12:01 Castle
12:01 Castle
12:05 Gryphon Aviary
13:17 Guard Tower
13:17 Guard Tower
15:25 Scout Tower
15:25 Scout Tower
» items
| Scroll of Regeneration | 1 | |
| Scroll of Protection | 1 | |
| Scroll of Healing | 1 | |
| Ivory Tower | 6 | |
| Potion of Healing | 1 | |
| Scroll of Town Portal | 5 | |
15 total
team 2 (loser)
MyEyesBurn (
yellow | 146 APM | 1060 actions | 07:15)
3 Goblin Alchemist
1 Chemical Rage
2 Acid Bomb
» actions
| Assign group hotkey | 44 | |
| Basic commands | 64 | |
| Build / train | 40 | |
| Enter build submenu | 12 | |
| Enter hero's abilities submenu | 3 | |
| Right click | 402 | |
| Select / deselect | 114 | |
| Select group hotkey | 340 | |
| Use ability | 41 | |
1060 total
» units
| Peasant | 14 | |
| Rifleman | 6 | |
| Assassin | 1 | |
21 total
» upgrades
» buildings
| Blacksmith | 1 | |
| Farm | 5 | |
| Barracks | 1 | |
| Altar of Kings | 1 | |
| Scout Tower | 1 | |
| Lumber Mill | 1 | |
| Arcane Tower | 3 | |
| Arcane Vault | 1 | |
| Keep | 1 | |
15 total
» build order
01:00 Blacksmith
01:02 Farm
01:04 Barracks
01:11 Farm
01:40 Altar of Kings
02:15 Farm
02:39 Scout Tower
02:50 Lumber Mill
03:02 Farm
03:29 Arcane Tower
03:30 Arcane Tower
03:30 Arcane Tower
04:26 Farm
05:03 Arcane Vault
05:51 Keep
» items
| Scroll of Regeneration | 2 | |
| Lesser Clarity Potion | 1 | |
3 total
lionshead (
green | 30 APM | 478 actions | 15:59)
3 Tauren Chieftain
2 Endurance Aura
1 Shockwave
» actions
| Assign group hotkey | 9 | |
| Basic commands | 17 | |
| Build / train | 40 | |
| ESC pressed | 3 | |
| Enter build submenu | 24 | |
| Enter hero's abilities submenu | 3 | |
| Remove unit from queue | 1 | |
| Right click | 95 | |
| Select / deselect | 121 | |
| Select group hotkey | 141 | |
| Use ability | 24 | |
478 total
» units
| Peon | 10 | |
| Shaman | 3 | |
| Tauren | 6 | |
| Troll Witch Doctor | 2 | |
21 total
» upgrades
| Melee Weapons | 3 | |
| Armor | 1 | |
| Spiked Barricades | 1 | |
| Shaman Training | 2 | |
| Witch Doctor Training | 2 | |
| Pulverize | 1 | |
10 total
» buildings
| Altar of Storms | 1 | |
| Orc Burrow | 7 | |
| War Mill | 1 | |
| Stronghold | 3 | |
| Voodoo Lounge | 1 | |
| Fortress | 1 | |
| Spirit Lodge | 1 | |
| Tauren Totem | 2 | |
| Watch Tower | 6 | |
23 total
» build order
00:05 Altar of Storms
00:07 Orc Burrow
01:11 War Mill
01:43 Orc Burrow
02:25 Stronghold
02:26 Stronghold
02:39 Voodoo Lounge
05:05 Fortress
05:52 Orc Burrow
06:02 Spirit Lodge
06:51 Orc Burrow
07:39 Tauren Totem
07:40 Tauren Totem
08:16 Orc Burrow
10:46 Orc Burrow
12:11 Orc Burrow
14:26 Watch Tower
14:27 Watch Tower
14:28 Watch Tower
14:30 Watch Tower
15:04 Watch Tower
15:36 Watch Tower
HolaChaBot (
orange | 50 APM | 1308 actions | 26:00)
9 Blademaster
3 Wind Walk
3 Critical Strike
1 Bladestorm
2 Mirror Image
» actions
| Assign group hotkey | 7 | |
| Basic commands | 23 | |
| Build / train | 63 | |
| Enter build submenu | 49 | |
| Enter hero's abilities submenu | 9 | |
| Give item / drop item | 2 | |
| Remove unit from queue | 1 | |
| Right click | 636 | |
| Select / deselect | 222 | |
| Select group hotkey | 162 | |
| Use ability | 134 | |
1308 total
» units
| Peon | 22 | |
| Grunt | 4 | |
| Troll Batrider | 5 | |
31 total
» upgrades
| Reinforced Defenses | 2 | |
| Masonry | 1 | |
| Ranged Weapons | 3 | |
| Armor | 3 | |
| Troll Regeneration | 1 | |
| Liquid Fire | 1 | |
11 total
» buildings
| Orc Burrow | 6 | |
| Altar of Storms | 1 | |
| Barracks | 1 | |
| Voodoo Lounge | 1 | |
| Stronghold | 1 | |
| War Mill | 1 | |
| Great Hall | 1 | |
| Fortress | 1 | |
| Watch Tower | 18 | |
| Lumber Mill | 3 | |
| Scout Tower | 11 | |
| Guard Tower | 2 | |
| Beastiary | 2 | |
49 total
» build order
00:15 Orc Burrow
01:09 Altar of Storms
01:10 Barracks
01:21 Orc Burrow
01:57 Voodoo Lounge
02:53 Stronghold
04:00 War Mill
04:16 Orc Burrow
05:14 Great Hall
05:55 Fortress
06:26 Watch Tower
06:26 Watch Tower
06:28 Watch Tower
06:28 Watch Tower
07:49 Watch Tower
07:50 Watch Tower
07:51 Watch Tower
09:58 Lumber Mill
10:35 Lumber Mill
12:14 Scout Tower
12:14 Scout Tower
12:15 Scout Tower
12:17 Scout Tower
12:18 Scout Tower
12:18 Scout Tower
12:36 Watch Tower
12:36 Watch Tower
12:43 Watch Tower
12:43 Watch Tower
12:43 Watch Tower
12:44 Watch Tower
12:44 Watch Tower
12:44 Watch Tower
12:55 Guard Tower
13:00 Scout Tower
13:00 Scout Tower
13:00 Scout Tower
13:01 Scout Tower
13:42 Beastiary
13:43 Beastiary
13:46 Watch Tower
13:47 Watch Tower
13:49 Watch Tower
15:09 Guard Tower
15:42 Lumber Mill
20:33 Orc Burrow
20:33 Orc Burrow
20:35 Orc Burrow
» items
| Healing Salve | 2 | |
| Boots of Speed | 1 | |
| Periapt of Vitality | 1 | |
| Orb of Lightning | 1 | |
5 total
FamousNOOB (
teal | 59 APM | 1082 actions | 18:13)
3 Archmage
2 Summon Water Elemental
1 Brilliance Aura
3 Paladin
1 Divine Shield
1 Holy Light
1 Devotion Aura
» actions
| Basic commands | 47 | |
| Build / train | 109 | |
| ESC pressed | 2 | |
| Enter build submenu | 22 | |
| Enter hero's abilities submenu | 6 | |
| Right click | 451 | |
| Select / deselect | 353 | |
| Use ability | 92 | |
1082 total
» units
| Peasant | 24 | |
| Footman | 1 | |
| Rifleman | 5 | |
| Mortar Team | 5 | |
| Sorceress | 3 | |
| Knight | 6 | |
| Gryphon Rider | 3 | |
47 total
» upgrades
| Masonry | 3 | |
| Swords | 2 | |
| Lumber Harvesting | 2 | |
| Gunpowder | 1 | |
| Armor | 1 | |
| Sorceress Training | 2 | |
| Animal War Training | 1 | |
| Storm Hammers | 1 | |
| Fragmentation Shards | 1 | |
| Plating | 1 | |
| Flare | 1 | |
16 total
» buildings
| Lumber Mill | 1 | |
| Altar of Kings | 1 | |
| Farm | 9 | |
| Barracks | 1 | |
| Scout Tower | 4 | |
| Guard Tower | 11 | |
| Blacksmith | 1 | |
| Keep | 6 | |
| Arcane Vault | 1 | |
| Town Hall | 2 | |
| Castle | 2 | |
| Arcane Sanctum | 1 | |
| Workshop | 1 | |
| Gryphon Aviary | 1 | |
42 total
» build order
00:24 Lumber Mill
00:34 Altar of Kings
00:50 Farm
01:16 Farm
01:52 Barracks
02:20 Scout Tower
02:23 Scout Tower
02:24 Scout Tower
02:25 Scout Tower
02:40 Farm
02:46 Guard Tower
02:47 Guard Tower
03:12 Guard Tower
03:12 Guard Tower
03:43 Guard Tower
03:43 Guard Tower
03:44 Guard Tower
03:47 Blacksmith
04:10 Farm
04:11 Guard Tower
04:42 Keep
04:43 Keep
04:43 Keep
04:43 Keep
04:57 Arcane Vault
05:33 Town Hall
05:44 Farm
06:30 Farm
07:07 Castle
07:07 Castle
07:20 Arcane Sanctum
07:28 Workshop
07:58 Gryphon Aviary
08:07 Farm
08:08 Farm
09:10 Farm
15:21 Town Hall
» items
Chat log
(01:49 / Allies) afkchamp: wow nice blue
(01:51 / Allies) afkchamp: taking my natural
(01:53 / Allies) afkchamp: rather than mid right
(01:54 / Allies) afkchamp: good job
(02:02 / Allies) xtiger: ill help u with mid
(02:20 / Allies) afkchamp: I'll creep it myself but thanks
(03:50 / All) naggersnjuice: can everyone wisp JERK and wish him a happy gay marrige please?
(04:07 / All) lionshead: what lol
(04:10 / Allies) afkchamp: faggot red
(04:12 / Allies) afkchamp: taking my exp
(04:21 / All) naggersnjuice: /jerk have a happy gay marrige
(04:24 / All) naggersnjuice: please
(04:26 / Allies) afkchamp: can't catch a break
(04:28 / All) lionshead: no
(04:49 / All) naggersnjuice: my team do it or ill stab
(05:15 / All) naggersnjuice: /w jerk hi fag
(05:29 / All) lionshead: are you gay?
(05:34 / All) naggersnjuice: you?
(05:37 / All) HolaChaBot: they getting married
(05:40 / All) HolaChaBot: purple and jerk
(05:43 / All) naggersnjuice: ues
(07:14 / Allies) naggersnjuice: mass heal pro
(11:09 / Allies) naggersnjuice: wtf
(11:25 / All) afkchamp: purple tk?
(11:31 / All) afkchamp: he's attacking my hero
(11:40 / Allies) naggersnjuice: u usedf flame onme
(11:44 / Allies) afkchamp: no I didn't? ....
(12:28 / Allies) xtiger: leave it
(13:29 / Allies) afkchamp: I see it noob
(13:36 / Allies) afkchamp: you're a tker
(14:06 / Allies) afkchamp: tk noob
(14:08 / Allies) afkchamp: repair red
(14:09 / Allies) afkchamp: repair
(14:10 / Allies) afkchamp: repair
(14:14 / Allies) afkchamp: ill help
(14:36 / Allies) afkchamp: repair
(14:38 / Allies) afkchamp: kill that scrub
(15:05 / Allies) afkchamp: wow purple you suck dick
(15:08 / Allies) afkchamp: can't even tk if you try
(15:21 / Allies) afkchamp: pathetic
(15:30 / Allies) xtiger: yeah he so bad
(16:11 / Allies) xtiger: lol owned
(16:12 / Allies) xtiger: faggot
(16:17 / Allies) naggersnjuice: lol you lose fags
(16:20 / All) naggersnjuice: lol
(16:28 / Allies) naggersnjuice: you getting on the list also bitch
(16:34 / All) afkchamp: Purple I've raped you before
(16:37 / All) afkchamp: I rape you every time
(16:38 / Allies) xtiger: fuck off
(16:43 / All) afkchamp: Quick and easy rape, every time when you're around
(16:51 / All) afkchamp: you're easy fuck to me
(16:53 / All) naggersnjuice: loooooooooooooooool dont care noob it is just a game
(17:21 / All) naggersnjuice: lol a keyboard gangster
(18:08 / All) HolaChaBot: blue maphacks
(18:26 / All) HolaChaBot: blue maphacks
(18:29 / All) HolaChaBot: tped for no reason
(18:35 / All) HolaChaBot: except that my BM was about to kill him wind walked
(18:39 / All) afkchamp: blue is a maphacker?
(18:43 / All) HolaChaBot: 100%
(18:46 / All) afkchamp: Looks like my team has to lose
(18:57 / All) xtiger: lol ok noob
(19:04 / All) HolaChaBot: why did you tp blue
(19:11 / All) xtiger: felt like it nub
(19:16 / All) HolaChaBot: Yeah sure lol
(19:19 / All) HolaChaBot: hacker
(19:34 / Allies) naggersnjuice: lol
(19:37 / Allies) naggersnjuice: told you faggot
(19:52 / All) naggersnjuice: gg guys love you
(21:04 / All) HolaChaBot: blue had weak DH
(21:10 / All) HolaChaBot: tped split second before BM kills him
(21:12 / All) HolaChaBot: LOL
(21:21 / Allies) xtiger: run pussy
(21:23 / All) HolaChaBot: fag can';t micro with chims so it hurt his DH
(21:27 / Allies) afkchamp: lol
(22:03 / Allies) afkchamp: run pussy!
(22:15 / All) HolaChaBot: lol
(22:22 / Allies) afkchamp: nice try
(22:26 / Allies) afkchamp: now out
(22:26 / All) HolaChaBot: got you noob
(22:27 / Allies) afkchamp: you lose
(22:30 / Allies) afkchamp: maphacking pile of shit
(22:36 / Allies) afkchamp: go strangle yourself
(22:38 / Allies) xtiger: faggot pussy
(22:52 / Allies) afkchamp: you lose
(22:57 / All) HolaChaBot: your team had 2 hackers I guess
(23:13 / Allies) afkchamp: out
(23:15 / Allies) afkchamp: you lose
(23:17 / Allies) afkchamp: piece of shit chimbot
(23:29 / Allies) afkchamp: 21-12 now
(23:39 / All) HolaChaBot: very symmetric record now blue
(23:41 / All) afkchamp: He thought he was going to kill my blood mage
(23:41 / All) HolaChaBot: 21-12
(23:45 / All) afkchamp: It was down to like 70 hp
(23:48 / All) afkchamp: and being attacked by 3 chims
(24:23 / All) HolaChaBot: became a close game since no one helped yellow lol
(24:29 / All) HolaChaBot: and they hit right when I was creeping mid
(24:33 / All) HolaChaBot: and didn't want to stop
(24:38 / All) afkchamp: It worked out very well
(24:42 / All) afkchamp: everyone gave up by themselves
(24:50 / All) afkchamp: everyone but blue who we want to lose anyway LOL
(24:50 / All) HolaChaBot: green was retarded
(24:52 / Allies) xtiger: faggot pussy keep running like a little bitch haha
(25:01 / All) afkchamp: "faggot pussy keep running like a little bitch haha"
(25:12 / All) afkchamp: he says I'm a pussy for running my hero while I kill his whole army
(25:17 / All) HolaChaBot: LAWL
(25:19 / All) afkchamp: yet he ran and tped to my base
(25:25 / All) afkchamp: when he got low hp and ambushed by you too
(25:26 / All) HolaChaBot: yeah yo ushould just let mass chims hit your hero
(25:32 / All) afkchamp: then he still couldn't get my hero at my base
(25:35 / All) HolaChaBot: they can't target your air and have to attack your hero
(25:37 / All) afkchamp: and I killed everything of his without losing a thing
(25:42 / All) afkchamp: On maps with zeppelins it's good
(25:47 / All) afkchamp: you can pick up your hero and put it in one lawl
(25:49 / All) afkchamp: when they are pure chim
(25:59 / All) afkchamp: Blue lose by buildings